 Dungeon Crawl Stone Soup version 0.27-a0-366-g8badd94918 (webtiles) character file.

Game seed: 16712215210450934345

92 littlecub the Sneak (level 4, -3/21 HPs)
             Began as a Spriggan Enchanter on Feb 16, 2021.
             Slain by Grinder (5 damage)
             ... on level 2 of the Dungeon.
             The game lasted 00:06:02 (3449 turns).

littlecub the Sneak (Spriggan Enchanter)            Turns: 3449, Time: 00:06:03

Health: -3/21      AC:  2    Str:  5    XL:     4   Next: 35%
Magic:  4/9        EV: 18    Int: 16    God:
Gold:   92         SH:  0    Dex: 15    Spells: 0/9 levels left

rFire    . . .     SeeInvis +   a - +1 dagger
rCold    . . .     Faith    .   (shield restricted)
rNeg     . . .     Spirit   .   b - +0 robe
rPois    .         Reflect  .   (helmet restricted)
rElec    .         Harm     .   f - scarf {repulsion}
rCorr    .         Rampage  .   (gloves unavailable)
Will     .....                  (boots unavailable)
Stlth    +++.......             (no amulet)
HPRegen  0.07/turn              (no ring)
MPRegen  0.11/turn              (no ring)

@: repel missiles, very quick
A: very small, unfitting armour, see invisible, speed 3
a: no special abilities


You were on level 2 of the Dungeon.
You visited 1 branch of the dungeon, and saw 3 of its levels.

You collected 92 gold pieces.

Inventory:

Hand Weapons
 a - a +1 dagger (weapon)
Missiles
 h - 13 poisoned darts
Armour
 b - a +0 robe (worn)
 f - a scarf of repulsion (worn)
Scrolls
 e - 3 scrolls of identify {unknown}
 i - a scroll of fog {unknown}
Potions
 c - 2 potions of heal wounds {unknown}
 d - 2 potions of might {unknown}
 g - a potion of degeneration {unknown}


   Skills:
 + Level 0.8 Fighting
 * Level 2.1 Short Blades
 + Level 3.2 Dodging
 * Level 5.3 Stealth
 + Level 3.1 Spellcasting
 * Level 4.3 Hexes
 + Level 0.7 Ice Magic


You couldn't memorise any spells.
You knew the following spells:

 Your Spells              Type           Power        Failure   Level
a - Corona                Hex            17%          3%          1
b - Ensorcelled Hibernat  Hex/Ice        20%          10%         2
c - Confusing Touch       Hex            16%          10%         3
d - Tukima's Dance        Hex            16%          10%         3

Your spell library contained the following spells:

 Spells                   Type           Power        Failure   Level
 Dazzling Flash           Conj/Hex       18%          22%         3


Dungeon Overview and Level Annotations

Branches:
Dungeon (3/15)

Altars:
Cheibriados

Annotations:
D:2 Grinder


Innate Abilities, Weirdness & Mutations

You are very small and have problems with some larger weapons.
You are too small for most types of armour.
You have supernaturally acute eyesight. (SInv)
You cover ground extremely quickly.


Message History

You miscast Confusing Touch.
You are very lightly contaminated with residual magic.
Nothing appears to happen.
There is a stone staircase leading down, spattered with blood here.
Casting: Confusing Touch (extremely dangerous; 10% risk of failure)
Confirm with . or Enter, or press ? or * to list all spells.
The spell is extremely dangerous to cast (10% risk of failure)!
Continue anyway?
Your hands begin to glow red.
Grinder blinks!
Grinder gestures at you. Pain shoots through your body!
You hit Grinder but do no damage.
Grinder appears confused.
Grinder barely misses you.
You strike the helpless Grinder from behind!
You puncture Grinder!
Grinder is heavily wounded.
Grinder hits you.
* * * LOW HITPOINT WARNING * * *
You writhe in agony.
* * * LOW HITPOINT WARNING * * *
You completely miss Grinder.
Grinder is heavily wounded.
You hit Grinder.
Grinder is heavily wounded.
Your magical contamination has completely faded away.
You barely miss Grinder.
Grinder is moderately wounded.
You hit Grinder but do no damage.
Grinder is moderately wounded.
You strike the helpless Grinder from behind!
You puncture Grinder!
Grinder is severely wounded.
You hit Grinder but do no damage.
Grinder is severely wounded.
You barely miss Grinder.
Grinder is severely wounded.
You hit Grinder.
Grinder is almost dead.
Grinder hits you.
You die...

#.# #.#####.#.#.###.# #.#
#....##.<.......# #.#
####.####.####### #.# #.#
#.......#
###.##########.###..###..#
##.#................## ##.### #
##.#.#######.#....#..# #....
####.###.## #......#..#####.###
....## ##.# #5@....#...>.#..###
####.###.## #...##.#.รท.#.......
##.#.## #......#.#...#####. ##.##
#........##..#####. # ##.######
#...######..#...##. # #...(...#
#...# #...###..##. #
#.###.#.###...####..## ##.##. ###
#.# #..............#.###..##.
).###.###.................#...##.


You could see Grinder (confused).

Vanquished Creatures
  4 adders (D:2)
  An ooze (D:1)
  3 worms (D:2)
  3 dart slugs
  A leopard gecko (D:2)
  4 bats
  3 giant cockroaches
  5 goblins
  3 hobgoblins (D:2)
  4 kobolds
  A frilled lizard (D:1)
  9 rats
41 creatures vanquished.

Notes
Turn   | Place    | Note
-------+----------+-------------------------------------------
     0 | D:1      | littlecub the Spriggan Enchanter began the quest for the
                  | Orb.
     0 | D:1      | Reached XP level 1. HP: 9/9 MP: 5/5
   867 | D:1      | Reached XP level 2. HP: 10/13 MP: 4/6
   870 | D:1      | Learned a level 2 spell: Ensorcelled Hibernation
  1607 | D:2      | Reached skill level 5 in Stealth
  1607 | D:2      | Reached XP level 3. HP: 17/17 MP: 6/8
  1932 | D:2      | Learned a level 3 spell: Confusing Touch
  2623 | D:2      | Reached XP level 4. HP: 21/21 MP: 9/9
  2627 | D:2      | Learned a level 3 spell: Tukima's Dance
  3099 | D:3      | Noticed Grinder
  3100 | D:3      | Found a snail-covered altar of Cheibriados.
  3439 | D:2      | HP: 1/21 [Grinder (5)]
  3449 | D:2      | Slain by Grinder

Illustrated notes

Levels and vault maps discovered:
D:1:      heliophobic_arrival_ceremonial_halls, layout_loops_ring
D:2:      layout_loops_cross
D:3:      layout_rooms, cheibriados_altar_1, nicolae_gozag_seed_capital,
          chequers_ecumenical_altar_simple, uniq_jessica, uniq_grinder,
          uniq_terence, uniq_crazy_yiuf_cottage, uniq_ijyb

Skill      XL: |  1  2  3  4 |
---------------+-------------+-----
Hexes          | 4 |  4.3
Dodging        | 3 |  3.2
Stealth        | 5 |  5.3
Spellcasting   | 3 |  3.1
Short Blades   | 2 |  2.1
Fighting       | |  0.8
Ice Magic      | |  0.7

Action                   |  1- 3 |  4- 6 || total
-------------------------+-------+-------++-------
Melee: Dagger            |    81 |    16 ||    97
 Cast: Corona            |     7 |     1 ||     8
       Ensorcelled Hiber |    35 |     9 ||    44
       Confusing Touch   |       |     2 ||     2
 Stab: Sleeping          |    27 |     5 ||    32
       Confused          |       |     2 ||     2
Armor: Robe              |     9 |       ||     9
Dodge: Dodged            |    56 |     6 ||    62

Table legend: (Time is in decaauts)
 A = Elapsed time spent in this place.
 B = Non-inter-level travel time spent in this place.
 C = Inter-level travel time spent in this place.
 D = Time resting spent in this place.
 E = Time spent auto-exploring this place.
 F = Levels seen in this place.
 G = Mean time per level.
                   A        B        C        D        E       F      G
               +--------+--------+--------+--------+--------+-----+--------+
         Total |   2829 |   2780 |     49 |    754 |   1647 |   3 |  943.0 |
       Dungeon |   2829 |   2780 |     49 |    754 |   1647 |   3 |  943.0 |
               +--------+--------+--------+--------+--------+-----+--------+

Top non-repeatable levels by time:
     D:1: 1587 daAuts
     D:2: 1237 daAuts
     D:3: 5 daAuts
